 Dungeon Crawl Stone Soup version 0.28-a0-8-g6e044cf (webtiles) character file.

Game seed: 2936486019797526620

39 MrTaco21 the Cudgeller (level 3, 0/23 HPs)
             Began as a Gargoyle Fighter on July 24, 2021.
             Slain by an orc wizard (3 damage)
             ... on level 2 of the Dungeon.
             The game lasted 00:01:21 (1216 turns).

MrTaco21 the Cudgeller (Gargoyle Fighter)           Turns: 1216, Time: 00:01:22

Health: 0/23       AC: 11    Str: 20    XL:     3   Next: 47%
Magic:  3/3        EV:  7    Int:  8    God:
Gold:   57         SH:  9    Dex:  9    Spells: 2/2 levels left

rFire   . . .      SeeInvis .   a - +0 flail
rCold   . . .      Faith    .   c - +0 kite shield
rNeg    + . .      Spirit   .   b - +0 scale mail
rPois   ∞          Reflect  .   (no helmet)
rElec   +          Harm     .   (no cloak)
rCorr   .          Rampage  .   i - +0 pair of gloves
Will    .....                   (no boots)
Stlth   ..........              (no amulet)
HPRegen 0.07/turn               (no ring)
MPRegen 0.08/turn               (no ring)

@: no status effects
A: sickness immunity, AC +3, negative energy resistance 1, electricity
resistance, torment resistance 1, petrification resistance
a: no special abilities


You were on level 2 of the Dungeon.
You visited 1 branch of the dungeon, and saw 2 of its levels.

You collected 57 gold pieces.

Inventory:

Hand Weapons
 a - a +0 flail (weapon)
Armour
 b - a +0 scale mail (worn)
 c - a +0 kite shield (worn)
 i - a +0 pair of gloves (worn)
   (You found it on level 2 of the Dungeon)
Scrolls
 f - 2 scrolls of identify {unknown}
 h - a scroll of enchant weapon {unknown}
Potions
 d - a potion of might
 e - a potion of curing {unknown}
 g - a potion of haste {unknown}


   Skills:
 - Level 3.2 Fighting
 + Level 3.8 Maces & Flails
 - Level 3.2 Armour
 - Level 3.2 Shields


You had 2 spell levels left.
You didn't know any spells.
Your spell library contained the following spells:

 Spells                   Type           Power      Damage    Failure   Level
 Ignite Poison            Fire/Tmut/Pois 0%         N/A       100%        3
 Mephitic Cloud           Conj/Pois/Air  0%         N/A       100%        3
 Bolt of Magma            Conj/Fire/Erth 0%         4d4       100%        5


Dungeon Overview and Level Annotations

Branches:
Dungeon (2/15)

Altars:


Innate Abilities, Weirdness & Mutations

You are immune to sickness and miasma.
Your stone body is resilient. (AC +3)
You are immune to poison.
You resist negative energy. (rN+)
You are resistant to electric shocks. (rElec)
You are resistant to unholy torment.
You are immune to petrification.


Message History

The orc priest invokes the aid of Beogh against you.
Something writhes in agony!
You are too confused!
You are too confused!
Something hits you.
The orc priest calls down the wrath of Beogh upon you.
Something writhes in agony!
Reactivating autopickup.
You're too confused to move!
The orc priest curses loudly.
You bump into the rock wall.
Unknown command.
Unknown command.
An orc wizard comes into view. It is wielding a +0 dagger.
The orc wizard shouts!
A ball python comes into view.
The orc priest hits you with a +0 hand axe.
You miss the orc priest. The orc priest barely misses you.
Unknown command.
You feel less confused.
The ball python hisses angrily.
You hear a shout!
The orc priest mumbles some strange prayers to Beogh against you.
Beogh smites you!
Ouch! That really hurt!
* * * LOW HITPOINT WARNING * * *
An orc comes into view. It is wielding a +0 club.
You block the orc priest's attack.
You hit the orc priest but do no damage.
You block the orc priest's attack.
The orc wizard gestures wildly while chanting.
The orc wizard flickers and vanishes!
Deactivating autopickup; reactivate with Ctrl-A.
The orc priest barely misses you.
You completely miss the orc priest.
You hear some strange, mumbled words.
A magic dart appears from out of thin air!
The magic dart hits you but does no damage.
The orc priest completely misses you. Something hits you but does no damage.
Unknown command.
You hit the orc priest.
The orc priest hits you but does no damage.
Something hits you but does no damage. You block the orc priest's attack.
You sock the orc priest!
The orc priest hits you but does no damage.
The orc hits you with a +0 club.
* * * LOW HITPOINT WARNING * * *
Something hits you.
You die...

... ## #### .o ..
...## #.# .# .#..#
..# ###.##
###.#########S. .....
.#............. #..#
...[#..##### #.##o#
##)###.# #So@.#
##..#..# ###..###
......### ###....#
#####...######...##.#
# ###.)..†......#.#
########>##...# #.#
##.# ... .##.# .#
##### #.### .#.# .#


You could see an orc priest, an orc and a ball python.

Vanquished Creatures
  A dart slug (D:1)
  3 endoplasms
  5 goblins
  4 hobgoblins
  A quokka (D:2)
  4 ball pythons
  9 bats
  2 frilled lizards (D:1)
  6 kobolds
35 creatures vanquished.

Vanquished Creatures (others)
  An orc wizard (D:2)
1 creature vanquished.

Grand Total: 36 creatures vanquished

Notes
Turn   | Place    | Note
-------+----------+-------------------------------------------
     0 | D:1      | MrTaco21 the Gargoyle Fighter began the quest for the Orb.
     0 | D:1      | Reached XP level 1. HP: 14/14 MP: 1/1
   136 | D:1      | Reached XP level 2. HP: 19/19 MP: 2/2
   602 | D:1      | Reached XP level 3. HP: 19/23 MP: 3/3
   827 | D:1      | Found a faded altar of an unknown god.
  1216 | D:2      | Slain by an orc wizard

Illustrated notes

Levels and vault maps discovered:
D:1:      amcnicky_arrival_gap_in_the_tavern_cellar, layout_basic,
          dilly_ecumenical_altar_fadedgnrine
D:2:      layout_rooms, chequers_decorated_corner, minivault_4,
          minmay_pentomino_x2

Skill      XL: |  1  2 |
---------------+-------+-----
Maces & Flails | 3 |  3.8
Fighting       | |  3.2
Armour         | |  3.2
Shields        | |  3.2

Action                   || total
-------------------------++-------
Melee: Flail             ||   129
Armor: Scale mail        ||    74
Dodge: Dodged            ||    41
Block: Kite shield       ||    73

Table legend: (Time is in decaauts)
 A = Elapsed time spent in this place.
 B = Non-inter-level travel time spent in this place.
 C = Inter-level travel time spent in this place.
 D = Time resting spent in this place.
 E = Time spent auto-exploring this place.
 F = Levels seen in this place.
 G = Mean time per level.
                   A        B        C        D        E       F      G
               +--------+--------+--------+--------+--------+-----+--------+
         Total |   1276 |   1269 |      7 |    123 |    831 |   2 |  638.0 |
       Dungeon |   1276 |   1269 |      7 |    123 |    831 |   2 |  638.0 |
               +--------+--------+--------+--------+--------+-----+--------+

Top non-repeatable levels by time:
     D:1: 908 daAuts
     D:2: 368 daAuts
